[Event "*** Titled Tuesday Blitz"]
[Site "Chess.com"]
[Date "2021.04.27"]
[Round "11"]
[White "moro182"]
[Black "Ibrayevnb"]
[Result "0-1"]
[WhiteElo "2695"]
[BlackElo "2525"]
[TimeControl "180+1"]
[EndTime "12:04:36 PDT"]
[Termination "Ibrayevnb won on time"]

1. d4 Nf6 2. c4 e6 3. Nc3 Bb4 4. Nf3 b6 5. Qb3 c5 6. dxc5 bxc5 7. Bf4 Nc6 8. a3 Bxc3+ 9. Qxc3 O-O 10. e3 Ne4 11. Qc2 Qa5+ 12. Nd2 d5 13. Bd3 Nb4 14. axb4 Qxa1+ 15. Nb1 cxb4 16. O-O b3 17. Qxb3 Nc5 18. Qc2 Nxd3 19. Qxd3 Ba6 20. Qc2 Bxc4 21. Rc1 Qa6 22.
Be5 f6 23. Bc3 e5 24. Nd2 Rfd8 25. h4 Rac8 26. Nf3 Be2 27. Qd2 Bxf3 28. gxf3 Rc4 29. h5 Qc8 30. Rd1 Qh3 31. e4 d4 32. Bb4 Qxf3 33.
b3 Qxb3 34. Ba5 Rd7 35. Qe2 d3 36. Qg4 Qb5 37. Qe6+ Kf8 38. Bd2 Qc6 39. Qf5 Rxe4 40. h6 g6 41. Qf3 Kf7 42. Kf1 Re1+ 43. Bxe1 Qxf3 44. Rc1 Qe2+ 0-1

[Event "*** Titled Tuesday Blitz"]
[Site "Chess.com"]
[Date "2021.04.27"]
[Round "11"]
[White "ri4mi"]
[Black "MFBerna"]
[Result "1-0"]
[WhiteElo "2318"]
[BlackElo "2434"]
[TimeControl "180+1"]
[EndTime "12:04:36 PDT"]
[Termination "ri4mi won on time"]

1. e4 c5 2. Nc3 Nc6 3. Nf3 e6 4. d4 cxd4 5. Nxd4 Qc7 6. Nxc6 dxc6 7. Bd3 e5 8. O-O Be6 9. f4 Bc5+ 10. Kh1 Nf6 11. f5 Bd7 12. Bg5 Be7 13. Qf3 h6 14. Be3 O-O 15. g4 Nh7 16. Qg3 Bg5 17. h4 Bxe3 18.
Qxe3 Qd8 19. Qg3 Qf6 20. Rf2 Kh8 21. Rg1 g5 22. hxg5 Nxg5 23. Rh2 Kg7 24. Rh5 Rh8 25.
Nd1 Rad8 26. Nf2 c5 27. b3 Bc6 28. Rg2 b5 29. Kg1 Rd4 30. c3 Rd6 31. Qe3 c4 32.
bxc4 bxc4 33. Bxc4 Rhd8 34. Rgh2 Rd1+ 35. Nxd1 Rxd1+ 36.
Kg2 Bxe4+ 37. Kg3 Bc6 38. Rxh6 Ne4+ 39. Kf3 Nd2+ 40. Ke2 Nxc4 41. Rh7+ Kg8 42. Rh8+ Qxh8 43. Rxh8+ Kxh8 44. Qh6+ Kg8 45. Kxd1 Bf3+ 46. Kc1 e4 47. f6 1-0

[Event "*** Titled Tuesday Blitz"]
[Site "Chess.com"]
[Date "2021.04.27"]
[Round "11"]
[White "TST2014"]
[Black "TomasKapitanchuk"]
[Result "0-1"]
[WhiteElo "2649"]
[BlackElo "2554"]
[TimeControl "180+1"]
[EndTime "12:04:37 PDT"]
[Termination "TomasKapitanchuk won on time"]

1. d4 Nf6 2. c4 e6 3. Nf3 Bb4+ 4. Bd2 c5 5. Bxb4 cxb4 6. a3 bxa3 7. Rxa3 O-O 8. Nc3 d6 9. e3 Nc6 10. Be2 Qe7 11. O-O b6 12. Qa4 Bd7 13. Qc2 Nb4 14. Qb1 a5 15. Na2 e5 16. Nxb4 axb4 17. Rxa8 Rxa8 18.
Qe1 Ra4 19. b3 Ra2 20. Bd1 e4 21. Nd2 d5 22. Be2 Bc6 23. Qc1 h5 24. h3 Qa7 25.
cxd5 Bxd5 26. Bc4 Ba8 27. d5 b5 28. Bxb5 Bxd5 29. Qc8+ Kh7 30. Qf5+ Kg8 31. Nc4 Be6 32. Qg5 Ra1 33. Rxa1 Qxa1+ 34. Kh2 Qa2 35. Qf4 Qxb3 36.
Nd6 Qc2 37. Qe5 Qxf2 38. Nxe4 Qf5 39. Nxf6+ gxf6 40. Qb8+ Kg7 41. Be2 Qe5+ 42. Qxe5 fxe5 43.
Kg3 b3 44. Bd3 b2 45. Bb1 f5 46. Kf3 Bd5+ 47. Kf2 Be4 48. Ba2 b1=Q 49. Bxb1 Bxb1 50. Kf3 Be4+ 51. Kg3 Kg6 52. Kf2 Kg5 53. g3 h4 54.
g4 fxg4 0-1

[Event "*** Titled Tuesday Blitz"]
[Site "Chess.com"]
[Date "2021.04.27"]
[Round "11"]
[White "Nils_03"]
[Black "Legendinunknown"]
[Result "1/2-1/2"]
[WhiteElo "2461"]
[BlackElo "2602"]
[TimeControl "180+1"]
[EndTime "12:04:38 PDT"]
[Termination "Game drawn by repetition"]

1. d4 d5 2. c4 c6 3. Nf3 Nf6 4. e3 e6 5. b3 Bd6 6. Bd3 Nbd7 7. Bb2 Ne4 8. O-O O-O 9. Nbd2 f5 10. Ne5 Qf6 11. f4 Qh6 12. Nxe4 fxe4 13. Be2 Nxe5 14. dxe5 Be7 15. Rc1 Bd7 16. Bg4 Rad8 17. Bh3 Be8 18. Qg4 Rf5 19. cxd5 Rxd5 20. Qe2 Rh5 21. Qg4 Rf5 22. Qe2 Rh5 23. Qg4 Bf7 24.
Kh1 Bc5 25. f5 Rg5 26. Qxe4 Rh5 27. fxe6 Bxe6 28. Bxe6+ Qxe6 29. Qf3 Qe8 30. e6 Rdf5 31. Qg4 Rhg5 32. Qc4 Bxe3 33. Rxf5 Rxf5 34. Qc3 Bh6 35. Re1 Qxe6 36. h3 Qd5 37. Qg3 Qd2 38. Bc3 Qd7 39. Bb4 c5 40. Bc3 Bf4 41. Qg4 Bh6 42. Rd1 Qc8 43. Qc4+ Kh8 44. Qd3 Rf8 45. Qd6 Kg8 46. Qd5+ Kh8 47. Qd6 Bf4 48. Qe7 Bh6 49.
Qd6 1/2-1/2

[Event "*** Titled Tuesday Blitz"]
[Site "Chess.com"]
[Date "2021.04.27"]
[Round "11"]
[White "tusplingher"]
[Black "gonzaga23"]
[Result "0-1"]
[WhiteElo "2280"]
[BlackElo "2455"]
[TimeControl "180+1"]
[EndTime "12:04:38 PDT"]
[Termination "gonzaga23 won by resignation"]

1. e4 c6 2. c4 d5 3. cxd5 cxd5 4. exd5 Nf6 5. Nc3 Nxd5 6. Nf3 Nc6 7. Bc4 e6 8. O-O Be7 9. d4 O-O 10. Re1 Bf6 11.
Bxd5 exd5 12. Be3 Bg4 13. Qd2 Bxf3 14. gxf3 Qd7 15. Kg2 Qf5 16. Rg1 Ne7 17. Ne2 Ng6 18.
Nf4 Nh4+ 19. Kh1 Nxf3 20. Qe2 Nxg1 21. Rxg1 Rfe8 22. Qd1 Qe4+ 23. Rg2 Rac8 24. Nh5 Qf5 25. Ng3 Qc2 26. Qf3 Re6 27. Nh5 Qxb2 28. Nxf6+ Rxf6 29. Qg4 Qb1+ 30. Rg1 Qe4+ 31. Qxe4 dxe4 32. Rd1 Rd6 33.
Bf4 Rd5 34. Be3 Rc2 35. Rb1 b6 36. a4 f5 37. Kg1 Kf7 38. Rb4 Kf6 39. Kg2 g5 40. h3 f4 41. Kf1 fxe3 42. fxe3 Rh2 43.
Kg1 Rxh3 44. Rb3 Rxd4 45. Kg2 Rd3 46. Rb4 Rhxe3 0-1

[Event "*** Titled Tuesday Blitz"]
[Site "Chess.com"]
[Date "2021.04.27"]
[Round "11"]
[White "dretch"]
[Black "Sam_ChessMood"]
[Result "1/2-1/2"]
[WhiteElo "2858"]
[BlackElo "2924"]
[TimeControl "180+1"]
[EndTime "12:04:39 PDT"]
[Termination "Game drawn by repetition"]

1. d4 Nf6 2. c4 e6 3. Nc3 Bb4 4. Qc2 d5 5. cxd5 Qxd5 6. Nf3 Qf5 7. Qxf5 exf5 8. Bd2 c6 9. e3 O-O 10. Bd3 Re8 11. O-O Be6 12. Ng5 Bd7 13. a3 Bd6 14.
e4 fxe4 15. Ncxe4 Nxe4 16. Nxe4 Bf8 17. Rfe1 Na6 18. Re3 Nc7 19. Nc5 Bxc5 20. dxc5 Rxe3 21. Bxe3 Nd5 22. Bd2 Be6 23. Bf1 Rd8 24. Ba5 Rd7 25.
Rd1 f6 26. Rd4 Kf7 27. Bd2 Ne7 28. Rxd7 Bxd7 29. Bc4+ Be6 30. Bd3 Bf5 31. Bc4+ Be6 32. Be2 g5 33. f3 h6 34. Kf2 Nd5 35. Bd3 Ne7 36. g4 Nd5 37. Kg3 Ne7 38. h4 Ng6 39. h5 Ne7 40. f4 a6 41. f5 Bd5 42. Kf2 Nc8 43. Ke3 Ke7 44. Be2 Na7 45. Ba5 Nb5 46. Bd1 Kd7 47. a4 Nc7 48. Bc3 Bf7 49. Kd4 Nd5 50.
Bd2 Nc7 51. Bc2 Bd5 52. Bd1 Bf7 53. Ba5 Nd5 54. Bd2 Nc7 1/2-1/2

[Event "*** Titled Tuesday Blitz"]
[Site "Chess.com"]
[Date "2021.04.27"]
[Round "11"]
[White "picturesquecheck"]
[Black "profofchess"]
[Result "1-0"]
[WhiteElo "2317"]
[BlackElo "2452"]
[TimeControl "180+1"]
[EndTime "12:04:39 PDT"]
[Termination "picturesquecheck won on time"]

1. e4 e6 2. d4 d5 3. Nd2 e5 4.
dxe5 dxe4 5. Nxe4 Qxd1+ 6. Kxd1 Nc6 7. Bb5 Bg4+ 8. f3 O-O-O+ 9. Bd2 Bd7 10. Bxc6 Bxc6 11.
Nc3 Bc5 12. Ke2 f6 13. Nh3 fxe5 14. Ng5 Rd7 15. Rad1 Bb6 16. Be3 Nf6 17. Bxb6 axb6 18. Rxd7 Kxd7 19. Rd1+ Kc8 20. Ke3 Re8 21. Nge4 Nh5 22.
g3 g6 23. b4 Ng7 24. b5 Nf5+ 25. Kf2 Bxe4 26. Nxe4 Nd4 27. c4 Rf8 28. Rd3 h6 29. h4 Ne6 30. Rd5 Nd4 31. Nd2 Re8 32.
f4 e4 33. Rxd4 e3+ 34. Ke2 exd2+ 35. Kxd2 h5 36. Rd3 Re6 37. Re3 Rf6 38. Re7 Rf5 39.
Rg7 Rf6 40. Kc3 Rd6 41. a4 Kd8 42. Kb4 Kc8 43. c5 bxc5+ 44. Kxc5 b6+ 45. Kb4 Kb7 46.
a5 bxa5+ 47. Kxa5 Re6 48. Kb4 Rf6 49. Kc5 Rd6 50. Rg8 Ka7 51. Rc8 Kb7 52. Rg8 Ka7 53.
Rh8 Kb7 54. Rh6 Rf6 55. Kc4 1-0

[Event "*** Titled Tuesday Blitz"]
[Site "Chess.com"]
[Date "2021.04.27"]
[Round "11"]
[White "BigAl"]
[Black "CSB7"]
[Result "0-1"]
[WhiteElo "2561"]
[BlackElo "2728"]
[TimeControl "180+1"]
[EndTime "12:04:40 PDT"]
[Termination "CSB7 won on time"]

1. Nf3 e6 2. d3 d5 3. g3 c5 4. Bg2 Nc6 5. O-O Nf6 6. Nbd2 Be7 7. e4 O-O 8. Re1 b5 9. exd5 Nxd5 10. a4 b4 11. Nc4 a5 12. Nfe5 Bb7 13. Nxc6 Bxc6 14. Bd2 Bf6 15. Ne5 Bxe5 16. Rxe5 Qd6 17. Qe1 Ne7 18. Bh3 Ng6 19. Rh5 f5 20. Qe2 Qd5 21.
f3 Qxf3 22. Qxf3 Bxf3 23. Rg5 Bd5 24. Bg2 Bxg2 25. Kxg2 h6 26. Rh5 Rfe8 27. Re1 Rac8 28. b3 Kf7 29. g4 fxg4 30. Kg3 Rcd8 31. Re4 Rd5 32. Kxg4 Ne7 33. Rhe5 Rxe5 34. Rxe5 Nd5 35. Be1 Rc8 36. h4 Nf6+ 37. Kf3 h5 38. Bf2 Nd5 39. Rxh5 Kg6 40. Rg5+ Kf7 41. Ke4 Nf6+ 42. Kf3 Nd5 43. Bg3 g6 44. Be5 Rc6 0-1

[Event "*** Titled Tuesday Blitz"]
[Site "Chess.com"]
[Date "2021.04.27"]
[Round "11"]
[White "AttackSparrow"]
[Black "OlifantCZ"]
[Result "0-1"]
[WhiteElo "2440"]
[BlackElo "2274"]
[TimeControl "180+1"]
[EndTime "12:04:40 PDT"]
[Termination "OlifantCZ won on time"]

1. e4 e6 2. d4 d5 3. Bd3 dxe4 4. Bxe4 Nf6 5. Bf3 Nbd7 6. Ne2 Be7 7. O-O O-O 8. Ng3 c5 9. dxc5 Bxc5 10. Qe2 Qc7 11. Bg5 Be7 12. Re1 h6 13. Be3 Ne5 14. Nc3 Nxf3+ 15. Qxf3 a6 16. Bf4 Qb6 17. Be5 Bd7 18.
Rad1 Bc6 19. Qe2 Rfd8 20. h3 Rxd1 21. Rxd1 Rd8 22. Re1 Nd7 23. Bf4 Qxb2 24. Nce4 Nf6 25. Nxf6+ Bxf6 26. Nh5 Bc3 27. Qg4 Bxe1 28. Bxh6 Bc3 29.
Bg5 Qb1+ 30. Kh2 Be5+ 31. f4 Rd1 32. fxe5 Rh1+ 33. Kg3 Qe1+ 34. Kf4 Rf1+ 35. Qf3 Qe4+ 36. Kg3 Rxf3+ 37. gxf3 Qxf3+ 38. Kh4 Qe4+ 39. Bf4 Qxc2 40. Ng3 Qxa2 41. Kg4 b5 42. h4 b4 43. h5 b3 44. h6 gxh6 45. Nh5 Qe2+ 46. Kh4 Qe1+ 47. Bg3 Qb4+ 48. Kh3 b2 49. Nf6+ Kg7 50. Nh5+ Kg6 51. Nf6 b1=Q 0-1

[Event "*** Titled Tuesday Blitz"]
[Site "Chess.com"]
[Date "2021.04.27"]
[Round "11"]
[White "dennisodessa"]
[Black "Kapibara_Warri0r"]
[Result "1-0"]
[WhiteElo "2446"]
[BlackElo "2247"]
[TimeControl "180+1"]
[EndTime "12:04:41 PDT"]
[Termination "dennisodessa won by resignation"]

1. d4 Nf6 2. c4 e6 3. Nc3 Bb4 4. Qc2 d5 5. a3 Bxc3+ 6. Qxc3 Ne4 7. Qc2 O-O 8. e3 Nd7 9. Bd3 Ndf6 10. f3 Nd6 11. c5 Nf5 12. Nh3 b6 13. b4 a5 14. bxa5 bxa5 15. O-O Ba6 16. Nf4 h6 17. Bd2 Bxd3 18. Nxd3 c6 19. Ne5 Qc7 20. Rab1 Nd7 21.
Nd3 Rfb8 22. Qc3 Rxb1 23. Rxb1 Rb8 24. Rxb8+ Qxb8 25. Qb2 Qa7 26. e4 dxe4 27. fxe4 Ne7 28. Bf4 Nf6 29. Qb6 Qa8 30. Bd6 Ng6 31. Nf2 Nf8 32.
Qb8 Qxb8 33. Bxb8 N8d7 34. Bc7 a4 35. Bd6 g6 36. Kf1 Ne8 37. Ke2 Nxd6 38. cxd6 Nb6 39. Kd3 Kf8 40. Nd1 Ke8 41. Nc3 Kd7 42. e5 f6 43. Ne4 fxe5 44. dxe5 g5 45. Nc5+ Ke8 46.
Nxe6 Kd7 47. Nc5+ Ke8 48. e6 Nd5 49. Kd4 Nf4 50. Ke5 Nxg2 51. d7+ Ke7 52. Nb7 1-0

[Event "*** Titled Tuesday Blitz"]
[Site "Chess.com"]
[Date "2021.04.27"]
[Round "11"]
[White "olksuna"]
[Black "Lion-Al-Messi"]
[Result "1-0"]
[WhiteElo "2645"]
[BlackElo "2504"]
[TimeControl "180+1"]
[EndTime "12:04:42 PDT"]
[Termination "olksuna won on time"]

1. e4 b6 2. d4 Bb7 3. Nc3 e6 4.
Bd3 Bb4 5. Ne2 d5 6. exd5 Qxd5 7. Nf4 Qd6 8. O-O Nf6 9. a3 Bxc3 10. bxc3 O-O 11.
Re1 Nbd7 12. a4 Rfd8 13. a5 Nf8 14. a6 Bd5 15. Nh5 Nxh5 16. Qxh5 Ng6 17. Qg4 f5 18. Qg5 c5 19. dxc5 bxc5 20. c4 Bc6 21. Bb2 Qf4 22. Qxf4 Nxf4 23. Bf1 Kf7 24. Rab1 Rab8 25. Be5 Rxb1 26.
Rxb1 Ng6 27. Bc3 Rd7 28. f3 Nf4 29. Kf2 g5 30. g3 Ng6 31. Be2 h5 32. Rb8 g4 33.
Rc8 Ba4 34. Rxc5 Bxc2 35. Rb5 Ne7 36. Rb7 Ke8 37. Bd4 Nc6 38. Be3 Ba4 39. Rb1 Kd8 40. Bg5+ Kc8 41. Bf4 e5 42. Be3 Nd4 43. fxg4 hxg4 44.
Bd3 e4 45. Be2 Bc6 46. Bf4 1-0

[Event "*** Titled Tuesday Blitz"]
[Site "Chess.com"]
[Date "2021.04.27"]
[Round "11"]
[White "CraiggoryC"]
[Black "WPWPWP-2015"]
[Result "0-1"]
[WhiteElo "2239"]
[BlackElo "2419"]
[TimeControl "180+1"]
[EndTime "12:04:42 PDT"]
[Termination "WPWPWP-2015 won on time"]

1. e4 c5 2. Nf3 d6 3. d4 cxd4 4. Nxd4 Nf6 5. Nc3 a6 6. Bc4 e6 7.
O-O Be7 8. Bb3 O-O 9. Qf3 Nbd7 10. Qg3 Nc5 11. Bh6 Ne8 12. Rae1 Nxb3 13. axb3 Bf6 14.
Nf3 Kh8 15. Bg5 Bd7 16. e5 dxe5 17. Nxe5 Bxg5 18. Nxd7 Qxd7 19. Qxg5 Nf6 20. Re3 h6 21.
Rh3 Nh7 22. Qe5 f6 23. Qe2 Rad8 24. Rd3 Qc6 25. Rfd1 Rxd3 26. Rxd3 Ng5 27. h4 Nf7 28. Qd2 Ne5 29. Rd6 Qc8 30. f4 Nf7 31. Rd7 Rd8 32.
Rxd8+ Nxd8 33. Qd6 Nc6 34. Ne4 e5 35. Nxf6 exf4 36. Qxf4 Ne7 37. Ne4 Qxc2 38. Qf8+ Ng8 39. Nd6 Kh7 40. Qf5+ Qxf5 41. Nxf5 Kg6 42. Nd6 b6 43. Nc8 b5 44. Nd6 Kh5 45. g3 Ne7 46.
Kg2 Kg4 47. b4 Nf5 0-1

[Event "*** Titled Tuesday Blitz"]
[Site "Chess.com"]
[Date "2021.04.27"]
[Round "11"]
[White "TengisChess"]
[Black "KubaGepard"]
[Result "1-0"]
[WhiteElo "2553"]
[BlackElo "2405"]
[TimeControl "180+1"]
[EndTime "12:04:43 PDT"]
[Termination "TengisChess won by resignation"]

1. d4 d5 2. Nf3 Nf6 3. c4 dxc4 4. Nc3 a6 5. e4 b5 6. e5 Nd5 7. Be2 c6 8. O-O e6 9. Ng5 Be7 10. Nge4 Bb7 11. g3 Nd7 12. h4 N7b6 13. h5 h6 14. Bf3 Nxc3 15. bxc3 Nd5 16. Qe2 Qc7 17. a4 a5 18. Rd1 Ba6 19. Bf4 b4 20. Qc2 b3 21. Qd2 Rd8 22. Re1 Bb7 23. Qe2 Ba6 24.
Qd2 Qb6 25. Nd6+ Bxd6 26. exd6 Rd7 27. Rab1 Qb8 28. Be5 f6 29. Bf4 Nxf4 30. Qxf4 Qxd6 31. Qg4 Re7 32. Qg6+ Kd7 33. Bg4 Rhe8 34. Rbd1 Qd5 35.
Qb1 Kc7 36. Re3 Bb7 37. Bf3 Qd6 38. Rd2 Rd8 39. Qf1 Qa3 40. Qxc4 b2 41. Re1 e5 42. Rb1 exd4 43. Rdxb2 Rb8 44. Bxc6 Bxc6 45. Rxb8 Qxc3 46. R1b7+ Kd6 47. Rd8+ Rd7 48. Rdxd7+ Bxd7 49. Rb6+ Ke7 50. Qd5 Qe1+ 51. Kg2 Qe5 52. Qf3 Bf5 53.
Rb5 Qe4 54. Rxf5 1-0

[Event "*** Titled Tuesday Blitz"]
[Site "Chess.com"]
[Date "2021.04.27"]
[Round "11"]
[White "KetiGrant"]
[Black "Sueetin"]
[Result "0-1"]
[WhiteElo "2377"]
[BlackElo "2503"]
[TimeControl "180+1"]
[EndTime "12:04:43 PDT"]
[Termination "Sueetin won on time"]

1. e4 e5 2. Nf3 Nf6 3. Nc3 Nc6 4. Bc4 Bc5 5. d3 h6 6. Be3 Bxe3 7. fxe3 d6 8. O-O O-O 9. a3 Be6 10. Bxe6 fxe6 11.
Qe1 Qe8 12. Qg3 Qh5 13. d4 Rf7 14. d5 exd5 15. exd5 Ne7 16. e4 Ng6 17. Rae1 Raf8 18.
h3 Nf4 19. Nh4 Kh7 20. Kh2 g6 21. Re3 Ng8 22. Ref3 a6 23. Qe1 Kg7 24. g3 Nxh3 25.
Rxf7+ Rxf7 26. Rxf7+ Kxf7 27. Qf1+ Nf4 28. Qc4 Qg4 29.
Qxc7+ Ne7 30. gxf4 Qxh4+ 31. Kg2 Qg4+ 32. Kf1 Qxf4+ 33.
Ke2 Qf6 34. Qxb7 g5 35. Qxa6 g4 36. Qd3 Ng6 37. Qg3 Nf4+ 38. Kd2 h5 39. a4 Qg5 40. Qe3 g3 41. Ne2 g2 42. Ng1 h4 43. a5 h3 44. a6 h2 45. Nf3 Qg3 46. Nxe5+ dxe5 47. Qxg3 g1=Q 0-1

[Event "*** Titled Tuesday Blitz"]
[Site "Chess.com"]
[Date "2021.04.27"]
[Round "11"]
[White "volkanyirik"]
[Black "Iskusnyh"]
[Result "1-0"]
[WhiteElo "2439"]
[BlackElo "2571"]
[TimeControl "180+1"]
[EndTime "12:04:45 PDT"]
[Termination "volkanyirik won on time"]

1. e4 c5 2. Nc3 d6 3. f4 Nc6 4.
Bc4 g6 5. d3 Bg7 6. Nf3 e6 7.
O-O Nge7 8. Qe1 Nd4 9. Nxd4 cxd4 10. Ne2 O-O 11. Ng3 d5 12. Bb3 a5 13. a4 dxe4 14.
dxe4 d3 15. Kh1 dxc2 16. Bxc2 b6 17. f5 Nc6 18. Be3 Nd4 19. Bd1 exf5 20. Qf2 fxe4 21.
Nxe4 Bf5 22. Ng3 Be6 23. h3 Rc8 24. Bg4 f5 25. Bd1 Qd6 26. Ne2 Nxe2 27. Bxe2 Bxb2 28.
Rad1 Qb4 29. Bb5 Bg7 30. Bxb6 Bc4 31. Rb1 Qa3 32. Bxa5 Bxf1 33. Qxf1 Qc5 34. Bb4 Qd4 35. Bxf8 Rxf8 36. a5 Kh8 37. a6 Be5 38. Qc4 Qe3 39. Qd3 Qf4 40. g3 Qf2 41. Rf1 Qb6 42. Kg2 Rd8 43.
Qe2 Bf6 44. Bd3 Qb3 45. Rd1 Qc3 46. a7 Qd4 47. Qa2 Ra8 48. Qf7 1-0

[Event "*** Titled Tuesday Blitz"]
[Site "Chess.com"]
[Date "2021.04.27"]
[Round "11"]
[White "VladDobrov"]
[Black "GameOverBro"]
[Result "1-0"]
[WhiteElo "2727"]
[BlackElo "2531"]
[TimeControl "180+1"]
[EndTime "12:04:47 PDT"]
[Termination "VladDobrov won by resignation"]

1. e4 d6 2. h4 c5 3. b4 cxb4 4. d4 Nf6 5. Bd3 Nc6 6. Ne2 d5 7. e5 Ne4 8. f3 Nc3 9. Nbxc3 bxc3 10. Rb1 g6 11. h5 Bg7 12. Kf2 Bf5 13. Bxf5 gxf5 14.
h6 Bf8 15. e6 fxe6 16. Rxb7 Na5 17. Rb5 Nc4 18. Bf4 Rg8 19. Nxc3 Rc8 20. Qd3 Kf7 21. Nxd5 Rg6 22. Nc7 Rxc7 23. Bxc7 Qxc7 24. Rh3 Bxh6 25.
Rc5 Be3+ 26. Kf1 Qb6 27. Qxc4 Qb1+ 28. Ke2 Qg1 29. Rxf5+ Kg7 30. Rxh7+ Kxh7 31. Rh5+ Kg7 32. Kd3 Qf1+ 33. Kc3 Qxc4+ 34. Kxc4 Rxg2 35. Kd3 Bf4 36. Ra5 Bd6 37. c4 a6 38. c5 Bf4 39. Rxa6 Kf6 40.
a4 Rg1 41. a5 Ra1 42. Ra8 Bh2 43. a6 e5 44. d5 Ra3+ 45. Kc4 Bg1 46. a7 Ra5 47.
Rf8+ Kg5 48. a8=Q Rxc5+ 49. Kb4 e4 50. Rg8+ Kf4 51. Rxg1 1-0

[Event "*** Titled Tuesday Blitz"]
[Site "Chess.com"]
[Date "2021.04.27"]
[Round "11"]
[White "zmeeed67"]
[Black "Korchmar_Vasiliy"]
[Result "1/2-1/2"]
[WhiteElo "2564"]
[BlackElo "2677"]
[TimeControl "180+1"]
[EndTime "12:04:47 PDT"]
[Termination "Game drawn by repetition"]

1. d4 Nf6 2. c4 c6 3. Nc3 d5 4. e3 e6 5. Nf3 a6 6. Bd3 dxc4 7.
Bxc4 b5 8. Bd3 c5 9. O-O Bb7 10.
Qe2 Nbd7 11. b3 Bd6 12. Bb2 O-O 13. Rac1 Rc8 14. Bb1 e5 15. dxc5 Nxc5 16. Rfd1 Qe7 17. e4 Ne6 18. g3 g6 19. Nd5 Bxd5 20. exd5 Rxc1 21. Bxc1 Nc7 22. Bg5 e4 23. Nd2 Ncxd5 24.
Nxe4 Qe5 25. Bxf6 Nxf6 26. Rxd6 Nxe4 27. Rd1 f5 28. Bxe4 fxe4 29. Qe3 Rf7 30. h4 Rf3 31. Rd8+ Kg7 32. Qa7+ Rf7 33. Rd7 Rxd7 34. Qxd7+ Kh6 35.
Qd8 Qc5 36. Kg2 e3 37. fxe3 Qc2+ 38. Kh3 Qf5+ 39. Kg2 Qe4+ 40. Kf2 Qc2+ 41. Kf3 Qf5+ 42. Ke2 Qg4+ 43. Kf2 Qf5+ 44. Kg2 Qc2+ 45. Kf3 Qf5+ 46. Ke2 Qh5+ 47. Kf2 Qf5+ 48. Ke2 1/2-1/2

[Event "*** Titled Tuesday Blitz"]
[Site "Chess.com"]
[Date "2021.04.27"]
[Round "11"]
[White "djano"]
[Black "dosto07"]
[Result "1-0"]
[WhiteElo "2471"]
[BlackElo "2318"]
[TimeControl "180+1"]
[EndTime "12:04:49 PDT"]
[Termination "djano won on time"]

1. e4 e5 2. Nf3 Nc6 3. d4 exd4 4. Nxd4 Nf6 5. Nxc6 bxc6 6. e5 Qe7 7. Qe2 Nd5 8. h4 Qe6 9. c4 Nb6 10. Nd2 a5 11. Rh3 Ba6 12. b3 Bb4 13. a3 Bxd2+ 14. Bxd2 a4 15. Qe4 axb3 16. Rxb3 Bxc4 17. Rg3 Bxf1 18. Kxf1 Qc4+ 19. Qe2 Qxe2+ 20. Kxe2 g6 21.
h5 Ra4 22. Bh6 Ke7 23. Bg7 Rha8 24. h6 Nd5 25. Rb3 Ke6 26. g3 Nb6 27. f4 Nc4 28. g4 Rxa3 29. Raxa3 Rxa3 30. Rb8 Rg3 31. Rh8 Rxg4 32. Rxh7 g5 33. Rh8 gxf4 34. h7 Rh4 35.
Re8+ Kd5 36. h8=Q Rxh8 37. Bxh8 f3+ 38. Kxf3 Nb6 39. Bf6 Nc4 40. Re7 d6 41. exd6 cxd6 42. Rxf7 Ke6 43. Rf8 Ne5+ 44. Bxe5 Kxe5 45. Ke3 Kd5 46. Rh8 c5 47. Rh5+ Kc4 48. Ke4 Kb4 49. Kd5 c4 50. Rh4 Kb3 51. Rxc4 1-0

[Event "*** Titled Tuesday Blitz"]
[Site "Chess.com"]
[Date "2021.04.27"]
[Round "11"]
[White "MatyChess1"]
[Black "Lenyas66"]
[Result "1-0"]
[WhiteElo "2668"]
[BlackElo "2489"]
[TimeControl "180+1"]
[EndTime "12:04:50 PDT"]
[Termination "MatyChess1 won on time"]

1. e4 c5 2. Nf3 Nc6 3. d4 cxd4 4. Nxd4 Qb6 5. Nb3 Nf6 6. Nc3 e6 7. a3 a6 8. Bf4 Ne7 9. Bd3 Ng6 10. Bg3 d6 11.
O-O Be7 12. Be2 h5 13. h4 Bd7 14. Qd4 Qxd4 15. Nxd4 Ng4 16. Nf3 Rc8 17. Rfd1 N6e5 18. a4 Nxf3+ 19. Bxf3 Ne5 20. Be2 Nc4 21. Bxc4 Rxc4 22.
Bxd6 Bxh4 23. Be5 f6 24. Bd4 Bg5 25. f3 h4 26. Bf2 Ke7 27. Rd3 Rhc8 28. Rad1 Be8 29.
a5 R8c7 30. Bb6 Rd7 31. Bd8+ Rxd8 32. Rxd8 Be3+ 33. Kf1 Bf4 34. Ne2 Bc7 35. Rc8 Bd7 36. Rg8 Kf7 37. Rh8 Bb5 38. c3 Bxa5 39. Rxh4 Bb6 40.
Rh8 Rc5 41. Rb8 Rh5 42. Rxb7+ Kg6 43. Rxb6 Rh1+ 44. Kf2 Rxd1 45. Nf4+ Kh6 46. Nxe6 Rd2+ 47. Kg3 Bf1 48. Nf4 1-0

[Event "*** Titled Tuesday Blitz"]
[Site "Chess.com"]
[Date "2021.04.27"]
[Round "11"]
[White "monalize"]
[Black "mbojan"]
[Result "1-0"]
[WhiteElo "2438"]
[BlackElo "2638"]
[TimeControl "180+1"]
[EndTime "12:04:51 PDT"]
[Termination "monalize won on time"]

1. e4 g6 2. d4 Bg7 3. Nc3 d6 4.
Be3 a6 5. a4 b6 6. Qd2 e6 7. f4 Bb7 8. Nf3 Nd7 9. Bd3 Ndf6 10.
h3 Ne7 11. O-O d5 12. e5 Ne4 13. Bxe4 dxe4 14. Ng5 c5 15. dxc5 Qxd2 16. Bxd2 O-O-O 17. Ngxe4 bxc5 18. Nd6+ Rxd6 19. exd6 Nf5 20. Rad1 Rd8 21. Bc1 Bd4+ 22. Kh2 Nxd6 23. Ne2 Bg7 24. Be3 Bxb2 25. Bxc5 Ne4 26. Rxd8+ Kxd8 27. Bd4 Bxd4 28. Nxd4 Nc5 29. a5 Bd5 30. Rb1 Kc7 31. Rb6 Bb7 32. Nf3 Nd7 33.
Rb3 Nc5 34. Rb4 Bxf3 35. gxf3 Nb7 36. Rb6 Nxa5 37. Rxa6 Nc6 38. Kg3 Kb7 39. Ra4 Kc7 40. c3 Kd6 41. Ra8 Ne7 42. Kf2 Nc6 43. Ke3 h5 44. Ke4 Kd7 45. Rf8 Ke7 46. Rc8 Kd6 47. Ra8 Ke7 48. Kd3 Kd6 49. Kc4 Ne7 50. Ra7 Nd5 51. Rxf7 Ne3+ 52. Kb5 Nd5 53. c4 Nc3+ 54.
Kb4 Na2+ 55. Kb3 Nc1+ 56. Kc2 Ne2 57. Kd3 Ng3 58. Rf6 h4 59. Rxg6 Nf5 60. Kc3 Ng3 61. Rg4 1-0

[Event "*** Titled Tuesday Blitz"]
[Site "Chess.com"]
[Date "2021.04.27"]
[Round "11"]
[White "Kolle05"]
[Black "Vigorito-NE"]
[Result "0-1"]
[WhiteElo "2329"]
[BlackElo "2496"]
[TimeControl "180+1"]
[EndTime "12:04:52 PDT"]
[Termination "Vigorito-NE won on time"]

1. e4 c5 2. Nf3 d6 3. Bb5+ Nd7 4.
O-O a6 5. Bd3 Ngf6 6. Re1 e6 7. c3 b5 8. Bc2 c4 9. a4 Bb7 10. d4 cxd3 11. Qxd3 Nc5 12. Qe2 bxa4 13. Be3 Nfd7 14. Bxc5 Nxc5 15. Rxa4 Be7 16. Rd4 Qc7 17. e5 d5 18. Rg4 g6 19. Nd4 h5 20. Rg3 Nd7 21.
Rxg6 O-O-O 22. Rg7 Rdf8 23. Nxe6 fxe6 24. Rxe7 Qb6 25.
Rf1 h4 26. h3 Rhg8 27. Na3 Nc5 28. b4 d4 29. f3 d3 30. Qf2 dxc2 31. Qxc5+ Qxc5+ 32.
bxc5 Rd8 33. Nxc2 Rd2 34. Rf2 Rd1+ 35. Kh2 Bd5 36. Nd4 Rd3 37. Nxe6 Rxc3 38. Nf4 Bc6 39. Rh7 Rxc5 40. Rxh4 Rxe5 41. Rh6 Bb7 42. Rc2+ Kb8 43. Rb2 Rb5 44. Rxb5 axb5 45. Rb6 Rg5 46. h4 Rc5 47. h5 Kc7 48. Rg6 Rf5 49. Kg3 b4 0-1

[Event "*** Titled Tuesday Blitz"]
[Site "Chess.com"]
[Date "2021.04.27"]
[Round "11"]
[White "LenkaPtacnikova"]
[Black "H3nriqueTV"]
[Result "1-0"]
[WhiteElo "2212"]
[BlackElo "2312"]
[TimeControl "180+1"]
[EndTime "12:04:53 PDT"]
[Termination "LenkaPtacnikova won by resignation"]

1. Nf3 d5 2. g3 c6 3. Bg2 Nf6 4. O-O Bf5 5. d3 e6 6. Re1 h6 7.
Nc3 Be7 8. Nd2 O-O 9. e4 Bg4 10. f3 Bh5 11. g4 Bg6 12. h3 dxe4 13. fxe4 Nbd7 14. Nf3 Qc7 15. Be3 b6 16. Qe2 Rad8 17.
Rf1 Bh7 18. g5 hxg5 19. Nxg5 Bg6 20. Bf3 Qg3+ 21. Kh1 Ne5 22. Rg1 Qh4 23. Bf2 Qh6 24. Be3 Qh4 25. Bf2 Qh6 26. Be3 Nfg4 27. Bxg4 Bxg5 28.
Bxg5 Qxg5 29. Bxe6 Qh4 30. Bg4 Rde8 31. Qg2 f6 32. Bf5 Kf7 33. Bxg6+ Nxg6 34. Qxg6+ Ke7 35.
Qxg7+ Rf7 36. Qg4 Qh6 37. Kh2 Kd8 38. Raf1 Ref8 39. Qf4 Qh5 40. Qb8+ Ke7 41. Qxa7+ Kd6 42. Qxb6 Rh8 43. Rg3 Rg7 44. Qd4+ Kc7 45. Qe3 Rgh7 46. Rff3 Qe5 47. Qf4 Kd6 48. Qxe5+ Kxe5 49. Rf5+ Ke6 50. Rgf3 Rg7 51. Rxf6+ Ke7 52. R6f5 Rhg8 53. Rf2 Rg3 54. Ne2 Re3 55. R5f3 Rxf3 56. Rxf3 Ke6 1-0